 Dungeon Crawl Stone Soup version 0.30.1-3-gfc49f6343a (webtiles) character file.

Game seed: 9148753540653866819

33 booth the Ducker (level 3, -4/28 HPs)
             Began as a Demonspawn Gladiator on Aug 1, 2023.
             Blown up by Ijyb (15 damage)
             ... with a mindburst bolt
             ... on level 2 of the Dungeon.
             The game lasted 00:04:16 (811 turns).

booth the Ducker (Demonspawn Gladiator)              Turns: 811, Time: 00:04:17

Health: -4/28      AC: 11    Str: 16    XL:     3   Next: 12%
Magic:  3/3        EV: 12    Int:  9    God:
Gold:   20         SH:  0    Dex: 14    Spells: 3/3 levels left

rFire   . . .        a - +0 war axe
rCold   . . .        (no shield)
rNeg    . . .        b - +0 leather armour
rPois   .            c - +0 helmet
rElec   .            (no cloak)
rCorr   .            (no gloves)
SInv    .            g - +0 pair of boots
Will    .....        (no amulet)
Stlth   +            (no ring)
HPRegen 0.24/turn    (no ring)
MPRegen 0.08/turn

%: no passive effects
@: sanguine armoured
A: hooves 1, sanguine armour 1
a: no special abilities


You were on level 2 of the Dungeon.
You visited 1 branch of the dungeon, and saw 2 of its levels.

You collected 20 gold pieces.

Inventory:

Hand Weapons
 a - a +0 war axe (weapon)
 f - a +1 short sword of speed
Missiles
 d - 2 throwing nets (quivered)
Armour
 b - a +0 leather armour (worn)
 c - a +0 helmet (worn)
 g - a +0 pair of boots (worn)
Jewellery
 k - a ring of flight
Scrolls
 h - a scroll of identify
 i - a scroll of fear
 l - a scroll of immolation
Potions
 j - a potion of lignification
 m - a potion of magic {unknown}


   Skills:
 * Level 2.6 Fighting
 + Level 2.9 Axes
 + Level 2.2 Throwing
 + Level 2.9 Dodging
 + Level 0.5 Spellcasting


You had 3 spell levels left.
You didn't know any spells.
Your spell library contained the following spells:

 Spells                   Type           Power      Damage    Failure   Level
 Apportation              Tloc           0%         N/A       43%         1
 Alistair's Intoxication  Tmut/Pois      0%         N/A       100%        5


Dungeon Overview and Level Annotations

Branches:
Dungeon (2/15)

Altars:

Annotations:
D:2 Ijyb


Innate Abilities, Weirdness & Mutations

You have large cloven feet.
When seriously injured, your blood forms armour. (AC +6)


Message History

The javelin pierces through Ijyb!
Ijyb is heavily wounded.
A ball python comes into view.
The goblin barely misses you.
Throw: 3 throwing nets
Press: ? - help, Q - select action Shift-Dir - straight line, f/p - Ijyb
Aim: Ijyb, wielding a +2 dagger of speed, wearing a +0 leather armour and carrying a wand of mindburst (12) (heavily wounded, 53% to hit)
You throw a throwing net. The throwing net hits the goblin.
The goblin is caught in the net!
The ball python hisses angrily.
Ijyb screams, "Get away!"
The goblin struggles against the net.
You hit the goblin.
You kill the goblin!
You barely miss the goblin.
The goblin struggles against the net.
You slash the goblin!
You kill the goblin!
You have reached level 3!
Your experience leads to an increase in your attributes!
Increase (S)trength, (I)ntelligence, or (D)exterity?
You feel stronger. x2; Your demonic ancestry asserts itself...
You feel your blood ready itself to protect you.
You slash the goblin!
You kill the goblin!
You hit the goblin.
You kill the goblin!
You slash the goblin!
You kill the goblin!
Ijyb zaps a wand.
Your mind is blasted!
Ijyb zaps a wand.
Your mind is blasted!
Your blood congeals into armour.
You completely miss the giant cockroach.
You hit the ball python.
You kill the ball python!
The giant cockroach barely misses you. The giant cockroach misses you.
You hit the giant cockroach.
The giant cockroach is moderately wounded.
You barely miss Ijyb. The giant cockroach misses you.
Ijyb zaps a wand.
Your mind is blasted!
Ouch! That really hurt!
You die...

#..#########
#..8.8.8.8.#
#..........#
#.........$#
##.........(#
..#........).[#
......)Bg.....#
#...=8@8.8.8.#
#....
#....#########
##.... #....
.:.... ....
....#.## ..#
...#...# . #
.......# ...
#....
...#####..
.....#....


You could see Ijyb and a giant cockroach.

Vanquished Creatures
  2 endoplasms (D:1)
  A giant cockroach (D:1)
  7 goblins
  6 hobgoblins
  4 kobolds (D:1)
  2 quokkas (D:1)
  A ball python (D:2)
  2 bats (D:1)
  2 rats (D:1)
27 creatures vanquished.

Notes
Turn   | Place    | Note
-------+----------+-------------------------------------------
     0 | D:1      | booth the Demonspawn Gladiator began the quest for the Orb.
     0 | D:1      | Reached XP level 1. HP: 16/16 MP: 1/1
   192 | D:1      | Gained mutation: You have large cloven feet. [demonic
                  | ancestry]
   192 | D:1      | Reached XP level 2. HP: 18/22 MP: 2/2
   804 | D:2      | Noticed Ijyb
   809 | D:2      | Gained mutation: When seriously injured, your blood forms
                  | armour. (AC +6) [demonic ancestry]
   809 | D:2      | Reached XP level 3. HP: 28/28 MP: 3/3
   811 | D:2      | Blown up by Ijyb

Illustrated notes

Levels and vault maps discovered:
D:1:      amcnicky_arrival_choice, layout_loops_ring
D:2:      kennysheep_the_goblin_king, layout_rooms,
          hellmonk_ecumenical_altar_leap_of_faith, hangedman_decor_lopped

Skill      XL: |  1 |
---------------+----+-----
Throwing       | 2 |  2.2
Fighting       | |  2.6
Axes           | |  2.9
Dodging        | |  2.9
Spellcasting   | |  0.5

Action                     || total
---------------------------++-------
  Melee: War axe           ||    64
  Throw: Javelin           ||     1
         Throwing net      ||     1
    Use: Scroll            ||     3
 Armour: Leather armour    ||    12
  Dodge: Dodged            ||    42
